 Dungeon Crawl Stone Soup version 0.23.2-40-g277498a001 (webtiles) character file.

Game seed: 9585687472009676322

13 Descartes the Skirmisher (level 2, 0/19 HPs)
             Began as a Formicid Abyssal Knight on Sept 24, 2019.
             Was a Follower of Lugonu.
             Slain by a rat (3 damage)
             ... on level 1 of the Dungeon.
             The game lasted 00:02:23 (990 turns).

Descartes the Skirmisher (Formicid Abyssal Knight)   Turns: 990, Time: 00:02:24

Health: 0/19       AC:  1    Str: 16    XL:     2   Next: 50%
Magic:  3/3        EV: 11    Int: 11    God:    Lugonu [*.....]
Gold:   25         SH:  0    Dex: 10    Spells: 1/1 levels left

rFire    . . .     SeeInvis +   a - +1 hand axe
rCold    . . .     Gourm    .   (no shield)
rNeg     . . .     Faith    .   b - +0 leather armour
rPois    .         Spirit   .   (helmet unavailable)
rElec    .         Reflect  .   (no cloak)
rCorr    .         Harm     .   (no gloves)
MR       .....                  (no boots)
Stlth    +.........             (no amulet)
HPRegen  0.06/turn              (no ring)
MPRegen  0.08/turn              (no ring)

@: no status effects
A: permanent stasis, dig shafts and tunnels, four strong arms, antennae 3,
[deformed body], [frail 2]
a: Dig, Shaft Self, Depart the Abyss, Renounce Religion


You were on level 1 of the Dungeon.
You worshipped Lugonu.
Lugonu was aware of your devotion.
You were not hungry.

You visited 1 branch of the dungeon, and saw 1 of its levels.
You visited the Abyss 1 time.

You collected 25 gold pieces.

Inventory:

Hand Weapons
 a - a +1 hand axe (weapon)
Armour
 b - a +0 leather armour (worn)
Potions
 e - a potion of invisibility {unknown}
Comestibles
 c - a ration


   Skills:
 + Level 3.5 Fighting
 + Level 2.4 Axes
 + Level 2.2 Armour
 + Level 1.2 Dodging
 + Level 2.1 Invocations


You had one spell level left.
You didn't know any spells.
Your spell library was empty.

Dungeon Overview and Level Annotations

Branches:
Dungeon (1/15)

Altars:


Innate Abilities, Weirdness & Mutations

You cannot be hasted, slowed, berserked, paralysed or teleported.
You can dig through walls and to a lower floor.
Your four strong arms can wield two-handed weapons with a shield.
You have a pair of large antennae on your head. (SInv)
[Armour fits poorly on your strangely shaped body.]
[You are very frail. (-20% HP)]


Message History

Things that are here:
a +0 club; a hobgoblin corpse The giant cockroach barely misses you.
The giant cockroach bites you.
You barely miss the giant cockroach.
The giant cockroach is severely wounded.
The giant cockroach bites you but does no damage.
You hit the giant cockroach.
You kill the giant cockroach!
Lugonu accepts your kill.
You see here a giant cockroach corpse.
You barely miss the rat. The rat bites you.
You completely miss the rat. The rat bites you.
* * * LOW HITPOINT WARNING * * *
You closely miss the rat. The rat bites you but does no damage.
The rat misses you.
You barely miss the rat. The rat barely misses you.
You barely miss the rat. The rat bites you.
* * * LOW HITPOINT WARNING * * *
You barely miss the rat. The rat bites you.
You die...

.#. .... .....####...
#... .............. .....
.............. #....##
#............
.......###........#.#
..................#.#
.......r@.........#.#
......†..(.(......#.# .
.......#....(.....#.####.
.......###........#......
....... #...............
...$...............†.....
.......##................
....... #................
.....####................


You could see a rat.

Vanquished Creatures
  A giant cockroach (D:1)
  A goblin (D:1)
  A hobgoblin (D:1)
  4 jackals (D:1)
  3 kobolds (D:1)
  A rat (D:1)
11 creatures vanquished.

Notes
Turn   | Place    | Note
-------+----------+-------------------------------------------
     0 | Abyss:1  | Descartes the Formicid Abyssal Knight began the quest for
                  | the Orb.
     0 | Abyss:1  | Reached XP level 1. HP: 18/18 MP: 2/2
    34 | Abyss:1  | Noticed a wretched star
    81 | Abyss:1  | Noticed an ancient zyme
   105 | D:1      | Escaped the Abyss
   709 | D:1      | Reached skill level 1 in Dodging
   709 | D:1      | Reached XP level 2. HP: 14/19 MP: 3/3
   990 | D:1      | Slain by a rat

Skill      XL: |  1 |
---------------+----+-----
Dodging        | 1 |  1.2
Fighting       | |  3.5
Axes           | |  2.4
Armour         | |  2.2
Invocations    | |  2.1

Action                   || total
-------------------------++-------
Melee: Hand axe          ||    31
Armor: Leather armour    ||     3
Dodge: Dodged            ||    28
